 Dungeon Crawl Stone Soup version 0.29-a0-393-g47a863cc1b (webtiles) character file.

Game seed: 6063215386995878099

280 Kenran the Ducker (level 6, -8/29 HPs)
             Began as a Spriggan Transmuter on May 9, 2022.
             Mangled by an orc
             ... wielding a +2 hand axe of electrocution
              (20 damage)
             ... on level 3 of the Dungeon.
             The game lasted 00:07:18 (3183 turns).

Kenran the Ducker (Spriggan Transmuter)             Turns: 3183, Time: 00:07:19

Health: -8/29      AC:  6    Str:  6    XL:     6   Next: 5%
Magic:  11/11      EV: 19    Int: 16    God:
Gold:   111        SH:  0    Dex: 16    Spells: 5/10 levels left

rFire   + . .      SeeInvis +     - Unarmed
rCold   + . .      Faith    .   (no shield)
rNeg    . . .      Spirit   .   b - +1 robe {rC+ rF+}
rPois   .          Reflect  .   (helmet currently unavailable)
rElec   .          Harm     .   d - +2 cloak
rCorr   .          Rampage  .   (gloves unavailable)
Will    +....                   (boots unavailable)
Stlth   +++.......              (no amulet)
HPRegen 0.09/turn               (no ring)
MPRegen 0.12/turn               (no ring)

@: appendages (expiring), very quick
A: horns 2, talons 2, very small, no large weapons, unfitting armour, see
invisible, speed 3
a: End Transformation


You were on level 3 of the Dungeon.
You had temporarily grown beastly horns and talons.
You visited 1 branch of the dungeon, and saw 3 of its levels.

You collected 111 gold pieces.

Inventory:

Hand Weapons
 a - a +5 dagger
Missiles
 j - 6 poisoned darts
Armour
 b - a +1 robe of resistance (worn)
 d - a +2 cloak (worn)
Scrolls
 c - a scroll of poison {unknown}
 e - a scroll of immolation {unknown}
 f - a scroll of amnesia {unknown}
 h - a scroll of fog
 i - 3 scrolls of blinking
 k - 2 scrolls of vulnerability {unknown}
 l - a scroll of teleportation {unknown}
 o - a scroll of fear {unknown}
 p - a scroll of enchant weapon {unknown}
Potions
 g - 2 potions of heal wounds {unknown}
 m - a potion of might {unknown}
 n - a potion of berserk rage {unknown}


   Skills:
 - Level 0.7 Fighting
 + Level 4.7 Dodging
 + Level 4.4 Stealth
 * Level 4.3 Unarmed Combat
 - Level 2.6 Spellcasting
 - Level 2.6 Transmutations


You had 5 spell levels left.
You knew the following spells:

 Your Spells              Type           Power      Damage    Failure   Level
a - Beastly Appendage     Tmut           20%        N/A       6%          1
b - Ice Form              Ice/Tmut       6%         N/A       73%         4

Your spell library contained the following spells:

 Spells                   Type           Power      Damage    Failure   Level
 Wereblood                Tmut           10%        N/A       10%         2
 Magic Dart               Conj           8%         1d3       19%         1
 Searing Ray              Conj           4%         2d4       28%         2
 Static Discharge         Conj/Air       2%         N/A       28%         2
 Spider Form              Tmut/Pois      6%         N/A       32%         3
 Fulminant Prism          Conj/Hex       1%         3d6       88%         4
 Lightning Bolt           Conj/Air       1%         1d12      99%         5
 Maxwell's Capacitive Co  Air            1%         ∞         100%        8


Dungeon Overview and Level Annotations

Branches:
Dungeon (3/15)

Altars:
Qazlal

Annotations:
D:3 1 runed translucent door, Regoshi's ghost, amateur DsFi


Innate Abilities, Weirdness & Mutations

You have temporarily grown beastly horns and talons.
You are very small and have problems with some larger weapons.
You are too small for most types of armour.
You have supernaturally acute eyesight. (SInv)
You cover ground extremely quickly. (Speed+++)


Message History

You kill the orc!
No target in view!
You start resting.
Magic restored.
Things that are here:
a +0 dagger; a +3 leather armour; an orc corpse An orc priest comes into view.
It is wielding a +0 hand axe.
The orc priest shouts!
The orc shouts!
You completely miss the orc priest. You claw the orc priest.
You headbutt the orc priest.
The orc priest is heavily wounded.
The orc priest begins to cast a cantrip, but forgets the words! x2
You hit the orc priest but do no damage.
The orc priest is heavily wounded.
The orc priest misses you.
You hit the orc priest. Your kick misses the orc priest.
You punch the orc priest, but do no damage.
The orc priest is heavily wounded.
The orc priest closely misses you.
The orc priest miscasts a cantrip.
You hit the orc priest.
The orc priest is severely wounded.
You closely miss the orc priest. You claw the orc priest.
The orc priest is severely wounded.
The orc priest barely misses you.
You barely miss the orc priest.
You claw the orc priest, but do no damage.
Your headbutt misses the orc priest.
The orc priest is severely wounded.
Your transformation is almost over.
The orc misses you.
The orc priest hits you with a +0 hand axe.
The orc priest mumbles some strange prayers to Beogh against you.
Beogh smites you!
You hit the orc priest. You claw the orc priest.
You kill the orc priest!
The orc hits you with a +2 hand axe of electrocution.
You are electrocuted!!
Ouch! That really hurt!
You die...

#♣.♣ ##.##.########
#..# ♣#.#.#.# #.##
♣♣#.###..# ##.#
♣..## ##.# ...#
###.###..# ####
##.#.#.# ####
##)##.# ####..##
##.##o#
.....########...@)#
..#..+SSFWW≈##.##.#
#.#..#######
#.##.########
#.##..##
#.##.........
#.#####
####...#####. #.#
#☼☼§# #.# #o§☼# #.#
#§§§# #.# #...#


You could see an orc priest and an orc.

Vanquished Creatures
  Sigmund (D:3)
  An orc priest (D:3)
  5 adders
  An ufetubus (D:3)
  2 dart slugs (D:2)
  5 orcs (D:3)
  3 endoplasms
  A giant cockroach (D:2)
  6 goblins
  5 hobgoblins
  2 jackals (D:2)
  4 quokkas
  4 ball pythons
  5 bats
  6 frilled lizards
  5 kobolds
  6 rats
62 creatures vanquished.

Notes
Turn   | Place    | Note
-------+----------+-------------------------------------------
     0 | D:1      | Kenran the Spriggan Transmuter began the quest for the Orb.
     0 | D:1      | Reached XP level 1. HP: 9/9 MP: 5/5
    51 | D:1      | Found a faded altar of an unknown god.
   767 | D:1      | Reached skill level 1 in Stealth
   871 | D:1      | Reached XP level 2. HP: 14/14 MP: 6/6
  1431 | D:2      | Reached XP level 3. HP: 17/17 MP: 6/8
  1457 | D:2      | Identified the +3 tower shield of the Six Visions {Str+4}
  1863 | D:2      | Reached XP level 4. HP: 18/21 MP: 9/9
  2384 | D:3      | Noticed an air elemental
  2387 | D:3      | Found a stormy altar of Qazlal.
  2388 | D:3      | Noticed an earth elemental
  2388 | D:3      | Noticed a water elemental
  2388 | D:3      | Noticed a fire elemental
  2399 | D:3      | Noticed Sigmund
  2539 | D:3      | Found a runed translucent door.
  2539 | D:3      | Noticed a bullfrog
  2541 | D:3      | Noticed Regoshi's ghost (amateur DsFi)
  2629 | D:3      | Killed Sigmund
  2630 | D:3      | Reached XP level 5. HP: 25/25 MP: 10/10
  2692 | D:3      | Reached XP level 6. HP: 25/29 MP: 9/11
  2705 | D:3      | Learned a level 4 spell: Ice Form
  3183 | D:3      | Mangled by an orc

Illustrated notes

Levels and vault maps discovered:
D:1:      zaba_arrival_water, layout_basic, shapermc_ecumenical_altar_acropolis
D:2:      minmay_chambers_of_twos, layout_loops_cross, serial_forest,
          infiniplex_forest_lined_2, infiniplex_forest_fountain,
          infiniplex_forest_fountain, infiniplex_forest_clump_long,
          infiniplex_forest_straight_2, infiniplex_forest_diagonal,
          infiniplex_forest_clump_small
D:3:      layout_loops_ring, nicolae_qazlal_style_of_elements, serial_forest,
          infiniplex_forest_pool, infiniplex_forest_lined_room_2,
          infiniplex_forest_lined_room_2, infiniplex_forest_end_1,
          infiniplex_forest_lined_1, infiniplex_forest_zigzag_1,
          ebering_ghost_sewer_d, lemuel_flame_loot_1, uniq_sigmund

Skill      XL: |  1  2  3  4 |
---------------+-------------+-----
Dodging        | 3 4 |  4.7
Stealth        | 1 2 4 |  4.4
Unarmed Combat | 3 4 |  4.3
Fighting       | |  0.7
Spellcasting   | |  2.6
Transmutations | |  2.6

Action                   |  1- 3 |  4- 6 || total
-------------------------+-------+-------++-------
Melee: Unarmed           |   113 |   113 ||   226
       Headbutt          |    14 |     7 ||    21
       Kick              |    18 |    21 ||    39
       Punch             |     1 |     1 ||     2
 Cast: Beastly Appendage |    18 |    11 ||    29
  Use: Scroll            |     1 |     1 ||     2
       Potion            |       |     1 ||     1
 Stab: Sleeping          |     4 |     4 ||     8
       Distracted        |       |     1 ||     1
Armor: Robe              |    23 |    26 ||    49
       Skin              |       |     4 ||     4
Dodge: Dodged            |    83 |   109 ||   192

Table legend: (Time is in decaauts)
 A = Elapsed time spent in this place.
 B = Non-inter-level travel time spent in this place.
 C = Inter-level travel time spent in this place.
 D = Time resting spent in this place.
 E = Time spent auto-exploring this place.
 F = Levels seen in this place.
 G = Mean time per level.
                   A        B        C        D        E       F      G
               +--------+--------+--------+--------+--------+-----+--------+
         Total |   2336 |   2306 |     30 |    536 |   1200 |   3 |  778.7 |
       Dungeon |   2336 |   2306 |     30 |    536 |   1200 |   3 |  778.7 |
               +--------+--------+--------+--------+--------+-----+--------+

Top non-repeatable levels by time:
     D:3: 834 daAuts
     D:1: 788 daAuts
     D:2: 713 daAuts
